 Dungeon Crawl Stone Soup version 0.30.0-10-gfe55d96785 (webtiles) character file.

Game seed: 410343514784125965

1225 qw the Chopper (level 8, -10/49 HPs)
             Began as a Gargoyle Cinder Acolyte on May 17, 2023.
             Was an Elder of Ignis.
             Killed by divine providence
             ... invoked by an orc priest
              (15 damage)
             ... on level 6 of the Dungeon.
             The game lasted 00:02:58 (4600 turns).

qw the Chopper (Gargoyle Cinder Acolyte)            Turns: 4600, Time: 00:02:58

Health: -10/49     AC: 27    Str: 20    XL:     8   Next: 47%
Magic:  9/9        EV:  6    Int: 15    God:    Ignis [****..]
Gold:   344        SH:  5    Dex:  5    Spells: 9/9 levels left

rFire   + . .        Y - +0 war axe
rCold   . . .        (no shield)
rNeg    + . .        g - +0 plate armour
rPois   inf          o - +0 helmet
rElec   +            e - scarf {repulsion}
rCorr   .            m - +0 pair of gloves
SInv    .            (no boots)
Will    .....        d - amulet of reflection Stlth
                     (no ring)
HPRegen 0.28/turn    (no ring)
MPRegen 0.11/turn

%: repel missiles, reflection
@: about to teleport, fiery-armoured
A: sickness immunity, AC +5, negative energy resistance 1, electricity
resistance, torment resistance 1, petrification resistance
a: Renounce Religion, Fiery Armour, Foxfire Swarm, Rising Flame


You were on level 6 of the Dungeon.
You worshipped Ignis.
Ignis was greatly pleased with you.
You visited 1 branch of the dungeon, and saw 6 of its levels.

You collected 344 gold pieces.


Innate Abilities, Weirdness & Mutations

You are immune to sickness and miasma.
Your stone body is resilient. (AC +5)
You are immune to poison.
You resist negative energy. (rN+)
You are resistant to electric shocks. (rElec)
You are resistant to unholy torment.
You are immune to petrification.


   Skills:
 - Level 5.0 Fighting
 + Level 7.5 Axes
 - Level 1.0 Throwing
 - Level 5.3 Armour
 - Level 1.0 Spellcasting
 - Level 3.0 Fire Magic


You had 9 spell levels left.
You didn't know any spells.
Your spell library contained the following spells:

 Spells                   Type           Power      Damage    Failure   Level
 Scorch                   Fire           18%        2d6       95%         2

Inventory:

Hand Weapons
 q - a +0 morningstar
 Y - a +0 war axe (weapon)
Missiles
 n - 5 boomerangs (quivered)
Armour
 e - a scarf of repulsion (worn)
 g - a +0 plate armour (worn)
 m - a +0 pair of gloves (worn)
 o - a +0 helmet (worn)
Jewellery
 d - an amulet of reflection (around neck)
Wands
 b - a wand of digging (5)
Scrolls
 i - a scroll of teleportation
 l - 2 scrolls of identify
Potions
 a - 5 potions of curing
 c - a potion of attraction {unknown}
 f - a potion of resistance
 h - 3 potions of heal wounds
 j - 2 potions of haste
 k - 2 potions of might
 s - a potion of ambrosia {unknown}
 t - a potion of mutation {unknown}

Dungeon Overview and Level Annotations

Branches:
Dungeon (6/15)             Temple (0/1) D:6

Altars:
Dithmenos
Elyvilon
Gozag
Hepliaklqana
Sif Muna
Uskayaw
Wu Jian
Yredelemnul

Annotations:
D:2 1 runed translucent door, Crazy Yiuf


Message History

The gnoll is heavily wounded.
You hit the gnoll sergeant. You closely miss the gnoll.
The gnoll hits you but does no damage.
The gnoll is burned by your cloak of flames.
The gnoll is severely wounded.
An orc comes into view. It is wielding a +0 club.
The gnoll sergeant hits you but does no damage.
The gnoll sergeant is burned by your cloak of flames.
The gnoll sergeant is heavily wounded.
The gnoll closely misses you.
The orc shouts!
You slash the gnoll!
You kill the gnoll!
You hit the gnoll sergeant but do no damage.
You hit the gnoll. The gnoll hits you with a +0 whip.
The gnoll is burned by your cloak of flames.
The gnoll is severely wounded.
The gnoll sergeant hits you but does no damage.
You barely miss the gnoll.
The gnoll is severely wounded.
You hit the gnoll sergeant but do no damage.
The gnoll completely misses you.
An orc comes into view. It is wielding a +0 flail.
The gnoll sergeant hits you with a +0 spear.
The gnoll barely misses you.
The orc priest mumbles some strange prayers to Beogh against you.
Beogh smites you!
The gnoll sergeant hits you but does no damage.
The gnoll sergeant is burned by your cloak of flames.
The gnoll sergeant is heavily wounded.
4600 ||| READING 2 scrolls of teleportation.
As you read the scroll of teleportation, it crumbles to dust.
You feel strangely unstable. The gnoll barely misses you.
An orc wizard comes into view. It is wielding a +0 dagger.
You block the gnoll sergeant's attack.
The orc priest calls down the wrath of Beogh upon you.
Beogh smites you!
You die...

............
..........####... .#.#
.....................
..###..........# .#.#.#.
...............##......
.................#.#.#
...............#....
......##.......g#)#.#.#.
......##........@o......
.............#..g#.#.#.#
.............#.....o.
.............#....#.#.#
.............#........o.
####.........#...#.#.#.#
#############......
###..#


You could see a gnoll sergeant, an orc priest, an orc wizard (wandering), a
gnoll and an orc.

Vanquished Creatures
  An ice beast (D:6)
  A black bear (D:4)
  An ogre (D:5)
  A necrophage (D:5)
  2 wights (D:5)
  2 bullfrog zombies (D:5)
  A jelly (D:4)
  A gnoll bouda (D:4)
  2 hounds
  A human zombie (D:5)
  An orc priest (D:3)
  Ijyb (D:4)
  A sleepcap (D:5)
  2 iguanas
  2 orc wizards (D:4)
  3 hound zombies (D:5)
  3 mummies (D:5)
  5 adders
  13 gnolls
  A white imp (D:5)
  An ufetubus (D:6)
  3 worms
  2 dart slugs
  17 orcs
  7 bats
  11 endoplasms
  A giant cockroach (D:1)
  7 hobgoblins
  4 jackals (D:1)
  11 quokkas
  5 ball pythons
  6 frilled lizards (D:2)
  7 goblins
  6 kobolds
  10 rats
143 creatures vanquished.

Notes
Turn   | Place    | Note
-------+----------+-------------------------------------------
     0 | D:1      | qw the Gargoyle Cinder Acolyte began the quest for the Orb.
     0 | D:1      | Reached XP level 1. HP: 14/14 MP: 2/2
     0 | D:1      | 0 ||| qw: Version: 0.2-a-95-g206ef33
     0 | D:1      | 0 ||| qw: Game counter: 182
     0 | D:1      | 0 ||| qw: Always use a shield: true
     0 | D:1      | 0 ||| qw: God list: Okawaru
     0 | D:1      | 0 ||| qw: Allow faded altars: false
     0 | D:1      | 0 ||| qw: Do Orc after D:15 true
     0 | D:1      | 0 ||| qw: Do second Lair branch before Depths: true
     0 | D:1      | 0 ||| qw: Lair rune preference: random
     0 | D:1      | 0 ||| qw: Plans: Normal
     0 | D:1      | 0 ||| PLANNING D:1-11
    67 | D:1      | 67 ||| INVOKING Fiery Armour.
    70 | D:1      | Reached skill level 3 in Axes
    72 | D:1      | Reached XP level 2. HP: 9/19 MP: 3/3
   187 | D:1      | 187 ||| Stepping ~*~*~tactically~*~*~ (stealth).
   189 | D:1      | 189 ||| Stepping ~*~*~tactically~*~*~ (stealth).
   276 | D:1      | 276 ||| Stepping ~*~*~tactically~*~*~ (hiding).
   306 | D:1      | 306 ||| Stepping ~*~*~tactically~*~*~ (stealth).
   311 | D:1      | 311 ||| Stepping ~*~*~tactically~*~*~ (stealth).
   355 | D:1      | Reached XP level 3. HP: 21/23 MP: 4/4
   384 | D:1      | 384 ||| Stepping ~*~*~tactically~*~*~ (stealth).
   406 | D:1      | 406 ||| Stepping ~*~*~tactically~*~*~ (stealth).
   698 | D:1      | 698 ||| UPGRADING to +0 ring mail.
   708 | D:1      | 708 ||| DROPPING +0 robe.
   709 | D:1      | 709 ||| UPGRADING to +0 plate armour.
   719 | D:1      | 719 ||| DROPPING +0 ring mail.
   720 | D:1      | 720 ||| UPGRADING to amulet of reflection.
   725 | D:1      | 725 ||| READING scroll labelled DECKUCIFOJ.
   726 | D:1      | 726 ||| READING scroll labelled BESHOCLIFUC.
   806 | D:2      | Reached skill level 1 in Armour
   859 | D:2      | 859 ||| READING scroll of enchant weapon.
   859 | D:2      | 859 ||| ENCHANTING +0 hand axe of flaming.
   895 | D:2      | Reached XP level 4. HP: 25/28 MP: 5/5
   930 | D:2      | Reached skill level 4 in Axes
   930 | D:2      | 930 ||| Stepping ~*~*~tactically~*~*~ (stealth).
   939 | D:2      | 939 ||| Stepping ~*~*~tactically~*~*~ (stealth).
   940 | D:2      | 940 ||| INVOKING Fiery Armour.
   942 | D:2      | 942 ||| Stepping ~*~*~tactically~*~*~ (hiding).
   948 | D:2      | 948 ||| Stepping ~*~*~tactically~*~*~ (stealth).
   960 | D:2      | 960 ||| Stepping ~*~*~tactically~*~*~ (stealth).
   961 | D:2      | 961 ||| Stepping ~*~*~tactically~*~*~ (stealth).
   963 | D:2      | 963 ||| Stepping ~*~*~tactically~*~*~ (stealth).
  1062 | D:2      | 1062 ||| Stepping ~*~*~tactically~*~*~ (stealth).
  1067 | D:2      | 1067 ||| Stepping ~*~*~tactically~*~*~ (stealth).
  1136 | D:2      | Found a runed translucent door.
  1137 | D:2      | Noticed Crazy Yiuf
  1446 | D:2      | 1446 ||| UPGRADING to scarf of repulsion.
  1451 | D:2      | 1451 ||| READING scroll labelled YSUAQU JESCHU.
  1514 | D:2      | 1514 ||| READING scroll labelled WEWUOH BIRAIWN.
  1573 | D:2      | 1573 ||| DROPPING +0 club.
  1630 | D:2      | 1630 ||| READING scroll labelled RUEDDO SEMETHRA.
  1631 | D:2      | 1631 ||| READING scroll labelled LILIRPHIYRCHE.
  1632 | D:2      | 1632 ||| DRINKING 3 bubbling yellow potions.
  1735 | D:3      | 1735 ||| DROPPING +0 whip.
  1803 | D:3      | Reached XP level 5. HP: 32/32 MP: 6/6
  1856 | D:3      | 1856 ||| Stepping ~*~*~tactically~*~*~ (stealth).
  1859 | D:3      | 1859 ||| Stepping ~*~*~tactically~*~*~ (stealth).
  1905 | D:3      | 1905 ||| Stepping ~*~*~tactically~*~*~ (hiding).
  1911 | D:3      | Reached skill level 1 in Throwing
  2038 | D:3      | 2038 ||| Stepping ~*~*~tactically~*~*~ (stealth).
  2237 | D:3      | 2237 ||| READING scroll labelled ETROMN FICKO.
  2238 | D:3      | 2238 ||| DRINKING 2 white potions.
  2298 | D:4      | 2298 ||| Stepping ~*~*~tactically~*~*~ (hiding).
  2299 | D:4      | 2299 ||| Stepping ~*~*~tactically~*~*~ (hiding).
  2300 | D:4      | 2300 ||| Stepping ~*~*~tactically~*~*~ (hiding).
  2305 | D:4      | 2305 ||| Stepping ~*~*~tactically~*~*~ (hiding).
  2308 | D:4      | 2308 ||| INVOKING Fiery Armour.
  2312 | D:4      | Reached skill level 5 in Axes
  2321 | D:4      | Reached skill level 3 in Armour
  2321 | D:4      | Reached XP level 6. HP: 15/37 MP: 7/7
  2356 | D:4      | Noticed Ijyb
  2363 | D:4      | Killed Ijyb
  2486 | D:4      | Found a hazy altar of Hepliaklqana.
  2500 | D:4      | 2500 ||| READING scroll labelled ETRATH NARA.
  2623 | D:4      | 2623 ||| Stepping ~*~*~tactically~*~*~ (hiding).
  2791 | D:4      | 2791 ||| Stepping ~*~*~tactically~*~*~ (stealth).
  2795 | D:4      | 2795 ||| Stepping ~*~*~tactically~*~*~ (stealth).
  2821 | D:4      | 2821 ||| INVOKING Fiery Armour.
  2866 | D:4      | Found a white marble altar of Elyvilon.
  3021 | D:4      | Found an opulent altar of Gozag.
  3021 | D:4      | Found a shimmering blue altar of Sif Muna.
  3028 | D:4      | 3028 ||| Stepping ~*~*~tactically~*~*~ (stealth).
  3029 | D:4      | 3029 ||| Stepping ~*~*~tactically~*~*~ (stealth).
  3033 | D:4      | 3033 ||| Stepping ~*~*~tactically~*~*~ (stealth).
  3035 | D:4      | 3035 ||| Stepping ~*~*~tactically~*~*~ (hiding).
  3036 | D:4      | 3036 ||| Stepping ~*~*~tactically~*~*~ (hiding).
  3037 | D:4      | 3037 ||| Stepping ~*~*~tactically~*~*~ (stealth).
  3043 | D:4      | Reached skill level 6 in Axes
  3043 | D:4      | Reached XP level 7. HP: 36/43 MP: 8/8
  3139 | D:4      | 3139 ||| UPGRADING to +0 pair of gloves.
  3144 | D:4      | 3144 ||| READING scroll labelled LAUFUE KIYCICLEA.
  3145 | D:4      | 3145 ||| READING 2 scrolls labelled QISABR INTUTS.
  3146 | D:4      | 3146 ||| DRINKING 2 glowing orange potions.
  3147 | D:4      | 3147 ||| DRINKING 3 lumpy cyan potions.
  3205 | D:5      | Entered Level 5 of the Dungeon
  3217 | D:5      | 3217 ||| Stepping ~*~*~tactically~*~*~ (hiding).
  3722 | D:5      | Reached skill level 7 in Axes
  3724 | D:5      | 3724 ||| DROPPING +0 flail.
  3731 | D:5      | Reached XP level 8. HP: 48/48 MP: 9/9
  3742 | D:5      | Found a basalt altar of Yredelemnul.
  3813 | D:5      | Found a hide-covered altar of Uskayaw.
  3868 | D:5      | 3868 ||| SWAPPING to +0 war axe.
  3869 | D:5      | 3869 ||| DROPPING +1 hand axe of electrocution.
  4012 | D:5      | Found an ornate altar of the Wu Jian Council.
  4120 | D:5      | 4120 ||| UPGRADING to +0 helmet.
  4125 | D:5      | 4125 ||| DROPPING ring of wizardry.
  4126 | D:5      | 4126 ||| READING scroll labelled GYNLUY JEUMURAW.
  4127 | D:5      | 4127 ||| DRINKING 3 green potions.
  4162 | D:6      | Identified the +1 scale mail of Xom's Displeasure {rC-
                  | Dex+6}
  4463 | D:6      | Found a staircase to the Ecumenical Temple.
  4509 | D:6      | Found a shadowy altar of Dithmenos.
  4593 | D:6      | 4593 ||| INVOKING Fiery Armour.
  4599 | D:6      | HP: 5/49 [orc priest/divine providence (8)]
  4600 | D:6      | 4600 ||| READING 2 scrolls of teleportation.
  4600 | D:6      | Killed from afar by an orc priest

Levels and vault maps discovered:
D:1:      dpeg_arrival_snail, layout_basic
D:2:      layout_rooms, grunt_ministairs_5, kennysheep_generic_room_14,
          uniq_crazy_yiuf_cottage
D:3:      layout_rooms
D:4:      wad_woods_tower, layout_cave_pools, elyvilon_altar_5,
          mainiacjoe_overflow_cross_hatched, jmf_multi_god_temple, uniq_ijyb
D:5:      layout_basic, lemuel_mausoleum_altar_yredelemnul,
          nicolae_wu_jian_wuxing_cycle, mainiacjoe_overflow_tiny_flanked
D:6:      layout_basic, marbit_many_paths, minmay_temple_entry_antechambers,
          hex_large

Skill      XL: |  1  2  3  4  5  6  7  8 |
---------------+-------------------------+-----
Axes           | 3 4 5 6 7 |  7.5
Armour         | 1 2 3 4 5 |  5.3
Throwing       | 1 |  1.0
Fighting       | 4 5 |  5.0
Spellcasting   | |  1.0
Fire Magic     | |  3.0

Action                     |  1- 3 |  4- 6 |  7- 9 || total
---------------------------+-------+-------+-------++-------
  Melee: Hand axe          |   103 |   165 |    89 ||   357
         Punch             |       |       |     1 ||     1
         War axe           |       |       |    48 ||    48
  Throw: Javelin           |       |    20 |       ||    20
         Boomerang         |       |     1 |    23 ||    24
 Invoke: Fiery Armour      |     1 |     3 |     1 ||     5
    Use: Scroll            |     3 |     6 |     4 ||    13
         Potion            |       |     2 |     3 ||     5
 Armour: Robe              |    22 |       |       ||    22
         Plate armour      |    15 |    79 |    78 ||   172
  Dodge: Dodged            |    50 |    45 |    22 ||   117
         Repelled          |       |     1 |       ||     1
  Block: Other             |     6 |    29 |    35 ||    70
         Reflection        |       |     1 |       ||     1

Table legend:
 A = Non-vault XP
 B = Vault XP
 C = Vault XP percentage of total XP
 D = Non-vault monster count
 E = Vault monster count
 F = Vault count percentage of total count
                 A         B        C        D         E       F
            +---------+---------+-------+---------+---------+-------
      Total |    1063 |     687 |  39.3 |     118 |      25 |  17.5
            +---------+---------+-------+---------+---------+-------
        D:1 |      48 |       0 |   0.0 |      28 |       0 |   0.0
        D:2 |      98 |       5 |   4.9 |      25 |       3 |  10.7
        D:3 |      89 |       0 |   0.0 |      22 |       0 |   0.0
        D:4 |     330 |     201 |  37.9 |      29 |       9 |  23.7
        D:5 |     219 |     478 |  68.6 |       6 |      12 |  66.7
        D:6 |     279 |       3 |   1.1 |       8 |       1 |  11.1
            +---------+---------+-------+---------+---------+-------
